 Dungeon Crawl Stone Soup version 0.31-a0-675-g238779eb0a (webtiles) character file.

Game seed: 6518395545446451063

279 Xavori the Cutter (level 6, -10/47 HPs)
             Began as an Octopode Chaos Knight on Sept 5, 2023.
             Was a Plaything of Xom.
             Mangled by a deep troll (glowing shapeshifter) (13 damage)
             ... summoned by Xom
             ... on level 3 of the Dungeon.
             The game lasted 00:02:38 (11988 turns).

Xavori the Cutter (Octopode Chaos Knight)          Turns: 11988, Time: 00:02:38

Health: -10/47     AC:  1    Str:  9    XL:     6   Next: 26%
Magic:  0/6        EV: 13    Int: 22    God:    Xom [......]
Gold:   201        SH:  0    Dex: 12    Spells: 5/5 levels left

rFire   . . .        a - +0 short sword (chaos)
rCold   . . .        (no shield)
rNeg    . . .        (helmet restricted)
rPois   .            (no amulet)
rElec   .            (no ring)
rCorr   .            (no ring)
SInv    .            (no ring)
Will    .....        (no ring)
Stlth   +++          (no ring)
HPRegen 0.27/turn    (no ring)
MPRegen 0.10/turn    (no ring)
                     (no ring)

%: no passive effects
@: mighty
A: almost no armour, amphibious, 8 rings, camouflage 1, gelatinous body 1,
(nimble swimmer 1), tentacles, tentacle spike 2, clever 2, robust 1, subdued
magic 2
a: Renounce Religion


You were on level 3 of the Dungeon.
You worshipped Xom.
You were a very special plaything of Xom.
You visited 1 branch of the dungeon, and saw 3 of its levels.

You collected 201 gold pieces.

Inventory:

Hand Weapons
 a - a +0 short sword of chaos (weapon)
Jewellery
 i - a ring of fire
Wands
 g - a wand of acid (1)
 h - a wand of flame (9)
 j - a wand of charming (5)
Scrolls
 b - a scroll of butterflies
 c - 2 scrolls of identify {unknown}
 d - 3 scrolls of fog {unknown}
 e - a scroll of enchant weapon {unknown}
 k - a scroll of blinking {unknown}
 m - 2 scrolls of enchant armour {unknown}
 n - a scroll of immolation
 q - a scroll of revelation {unknown}
Potions
 f - a potion of magic {unknown}
 l - a potion of brilliance {unknown}
 o - a potion of lignification {unknown}
 p - a potion of might


   Skills:
 + Level 4.1 Fighting
 + Level 4.2 Short Blades
 + Level 3.2 Dodging
 + Level 4.0 Stealth
 * Level 2.3 Evocations


You had 5 spell levels left.
You didn't know any spells.
Your spell library was empty.

Dungeon Overview and Level Annotations

Branches:
Dungeon (3/15)

Altars:
Gozag
Makhleb


Innate Abilities, Weirdness & Mutations

You cannot wear most types of armour.
You are amphibious.
You can wear up to eight rings at the same time.
Your skin changes colour to match your surroundings (Stealth+).
Your rubbery body absorbs attacks. (AC +1, EV +1)
((You are camouflaged when in or above water. (Stealth+)))
You have tentacles for arms and can constrict up to eight enemies at once.
One of your tentacles bears a nasty spike.
Your mind is very acute. (Int +8, Str/Dex -2)
You are robust. (+10% HP)
Your spells are easier to cast, but less powerful.


Message History

The acid corrodes the water moccasin zombie!
The water moccasin zombie is moderately damaged.
The mana viper changes into a deep troll!
The jackal closely misses you. The jackal bites you.
Unknown command.
Unknown command.
Aiming: Corrosive Bolt
Press: ? - help, Shift-Dir - straight line, f/p - water moccasin zombie
Aim: a water moccasin zombie (moderately damaged, covered in acid, 71% to hit)
The bolt of acid hits the deep troll!
The acid corrodes the deep troll!
The deep troll is lightly wounded.
The bolt of acid hits the water moccasin zombie!
The water moccasin zombie seems to be corroded for longer.
The water moccasin zombie is severely damaged.
The bolt of acid hits the wyvern zombie!
The acid corrodes the wyvern zombie!
The wyvern zombie is moderately damaged. "Let me alter your body."
Your body is suffused with distortional energy.
You no longer feel cold resistant.
You feel robust. The jackal closely misses you. The deep troll bites you!!
* * * LOW HITPOINT WARNING * * *
The deep troll claws you but does no damage.
The deep troll barely misses you.
Unknown command.
Unknown command.
Aiming: Corrosive Bolt
Press: ? - help, Shift-Dir - straight line, f/p - water moccasin zombie
Aim: a water moccasin zombie (severely damaged, covered in acid, 71% to hit)
The bolt of acid misses the deep troll.
The bolt of acid hits the water moccasin zombie!
You destroy the water moccasin zombie!
The bolt of acid hits the wyvern zombie!
The wyvern zombie seems to be corroded for longer.
The wyvern zombie is heavily damaged.
The jackal barely misses you. The jackal bites you.
* * * LOW HITPOINT WARNING * * *
The deep troll bites you!
You die...
Xom titters!

###............# #.# #
#..[..###.####### #÷#
###..##.##........# #.#
.....##.##..#####.# #.##### #
....#....÷÷.# #.###.#.#.#.#
#.#..#...#..# #.....#.....#
÷..#.##.##..# ####..'....##
..##.##.##..#######...'...?.#####
..##.##.##....hh@TZ...'...$##....
..##.##.......######..#...Z.#....
.##..##.......# ####.#.#.#.##.
.##.###.......# ########.##.
.##.# #.......########.# #.#..##.
.##.########...........# #.#..##.
.......#..8#..##.####### #.#..###
.........._#..##.## #.#..###
.......#..8#.###..# #.#.....


You could see a deep troll shaped shifter (summoned, corroded), a wyvern zombie
(corroded) and 2 jackals.

Vanquished Creatures
  The ghost of superbruh the Insei, an amateur DsSh (D:3)
  2 water moccasin zombies (D:3)
  Natasha (twice) (D:2)
  Robin (D:3)
  2 adders
  A gnoll (D:1)
  2 worms (D:3)
  2 dart slugs (D:3)
  An orc (D:3)
  4 bats
  4 endoplasms
  A giant cockroach (D:3)
  6 hobgoblins
  3 jackals (D:1)
  A kobold (D:2)
  4 quokkas
  A frilled lizard (D:1)
  8 goblins (D:3)
  4 rats (D:3)
50 creatures vanquished.

Vanquished Creatures (others)
  A goblin (D:3)
1 creature vanquished.

Grand Total: 51 creatures vanquished

Notes
Turn   | Place    | Note
-------+----------+-------------------------------------------
     0 | D:1      | Xavori the Octopode Chaos Knight began the quest for the
                  | Orb.
     0 | D:1      | Reached XP level 1. HP: 16/16 MP: 1/1
   149 | D:1      | Reached XP level 2. HP: 17/21 MP: 2/2
   495 | D:1      | XOM: silly message
  1108 | D:2      | Reached skill level 1 in Stealth
  1110 | D:2      | Reached XP level 3. HP: 21/26 MP: 3/3
  2417 | D:1      | XOM: silly message
  2810 | D:1      | XOM is BORED!
  2810 | D:1      | XOM: noise
  2816 | D:1      | XOM: god gift: wand of acid (8)
  3253 | D:1      | XOM: give mutations
  3253 | D:1      | Gained mutation: Your flesh is cold resistant. (rC+) [Xom's
                  | grace]
  3253 | D:1      | Gained mutation: Your mind is acute. (Int +4, Str/Dex -1)
                  | [Xom's grace]
  3253 | D:1      | Gained mutation: One of your tentacles bears a spike.
                  | [Xom's grace]
  3627 | D:1      | XOM: 4-stop teleportation journey
  3737 | D:1      | XOM: torment (14/26 hp)
  3801 | D:1      | XOM is BORED!
  3801 | D:1      | XOM: stat loss: -3 Dex (9/12)
  3888 | D:1      | XOM: god gift: 25 gold pieces
  4269 | D:1      | XOM: god gift: lead wand {god gift}
  4500 | D:1      | XOM: god gift: small gilded ring {god gift}
  5004 | D:1      | XOM: noise
  5290 | D:1      | XOM is BORED!
  5290 | D:1      | XOM: give mutations
  5290 | D:1      | Gained mutation: You occasionally lose the ability to read
                  | scrolls when taking damage. [Xom's mischief]
  5290 | D:1      | Gained mutation: You have hidden genetic defects. [Xom's
                  | mischief]
  5290 | D:1      | Lost mutation: You occasionally lose the ability to read
                  | scrolls when taking damage. [Xom's mischief]
  5290 | D:1      | Gained mutation: Your spells are a little easier to cast,
                  | but a little less powerful. [Xom's mischief]
  5681 | D:1      | XOM: cloud trail
  6021 | D:1      | XOM: god gift: wand of charming (5)
  6031 | D:1      | XOM: cloud trail
  7178 | D:1      | XOM: torment (14/26 hp)
  8183 | D:1      | XOM: god gift: 49 gold pieces
  8196 | D:1      | XOM: give mutations
  8196 | D:1      | Gained mutation: You are partially covered in iridescent
                  | scales. (AC +2) [Xom's mischief]
  8196 | D:1      | Gained mutation: One of your tentacles bears a nasty spike.
                  | [Xom's mischief]
  8196 | D:1      | Gained mutation: Your mind is very acute. (Int +8, Str/Dex
                  | -2) [Xom's mischief]
  8196 | D:1      | Lost mutation: You are partially covered in iridescent
                  | scales. (AC +2) [Xom's mischief]
  8706 | D:1      | XOM: summons 2 hostile demons
  9115 | D:1      | XOM is BORED!
  9218 | D:1      | XOM: silly message
  9585 | D:1      | XOM: noise
  9823 | D:1      | XOM: give mutations
  9823 | D:1      | Gained mutation: You expend magic power (3 MP) to
                  | strengthen your wands. [Xom's mischief]
  9823 | D:1      | Lost mutation: You expend magic power (3 MP) to strengthen
                  | your wands. [Xom's mischief]
  9823 | D:1      | Gained mutation: Your spells are easier to cast, but less
                  | powerful. [Xom's mischief]
  9823 | D:1      | Lost mutation: You have hidden genetic defects. [Xom's
                  | mischief]
  9840 | D:2      | XOM: 3-stop teleportation journey
 10007 | D:2      | Noticed Natasha
 10009 | D:2      | XOM: stat loss: -1 Dex (7/11)
 10014 | D:2      | Killed Natasha
 10047 | D:2      | XOM: confusion
 10049 | D:2      | Reached XP level 4. HP: 21/31 MP: 4/4
 10142 | D:2      | Found a faded altar of an unknown god.
 10427 | D:2      | XOM: stat loss: -1 Dex (8/11)
 10565 | D:2      | XOM: summons 4 hostile shadow creatures
 10784 | D:3      | Noticed Robin
 10887 | D:2      | Noticed Natasha
 10899 | D:2      | XOM: butterfly on damage
 10901 | D:2      | Killed Natasha
 10902 | D:2      | Reached skill level 1 in Evocations
 11081 | D:3      | XOM: enchant monster (bad)
 11084 | D:3      | XOM: 1-stop teleportation journey
 11176 | D:3      | Killed Robin
 11177 | D:3      | Reached XP level 5. HP: 6/37 MP: 5/5
 11471 | D:3      | XOM: divination: magic mapping
 11473 | D:3      | XOM: silly message
 11494 | D:3      | XOM: silly message
 11533 | D:3      | Found a runed translucent gate.
 11534 | D:3      | Found a runed translucent gate.
 11536 | D:3      | Found a runed translucent gate.
 11538 | D:3      | Noticed superbruh's ghost (amateur DsSh)
 11664 | D:3      | Found an opulent altar of Gozag.
 11889 | D:3      | Found a burning altar of Makhleb.
 11893 | D:3      | Noticed a green death
 11962 | D:3      | XOM: divination: magic mapping
 11976 | D:3      | XOM: summons 2 hostile shadow creatures
 11978 | D:3      | a worm changed into a glowing shapeshifter
 11978 | D:3      | Noticed a glowing shapeshifter (glowing shapeshifter)
 11978 | D:3      | XOM: polymorph worm -> glowing shapeshifter
 11978 | D:3      | a glowing shapeshifter changed into a glowing orange brain
 11978 | D:3      | Noticed a glowing orange brain (glowing shapeshifter)
 11979 | D:3      | a glowing orange brain changed into a sea snake
 11979 | D:3      | Noticed a sea snake (glowing shapeshifter)
 11980 | D:3      | a sea snake changed into a mana viper
 11980 | D:3      | Noticed a mana viper (glowing shapeshifter)
 11984 | D:3      | Killed superbruh's ghost
 11985 | D:3      | Reached XP level 6. HP: 26/43 MP: 0/6
 11986 | D:3      | a mana viper changed into a deep troll
 11986 | D:3      | Noticed a deep troll (glowing shapeshifter)
 11987 | D:3      | XOM: give mutations
 11987 | D:3      | Lost mutation: Your flesh is cold resistant. (rC+) [Xom's
                  | mischief]
 11987 | D:3      | Gained mutation: You are robust. (+10% HP) [Xom's mischief]
 11988 | D:3      | Mangled by a deep troll (glowing shapeshifter)

Illustrated notes

Levels and vault maps discovered:
D:1:      tekkud_arrival_beachfront_property, layout_basic
D:2:      layout_loops_ring, hellmonk_ecumenical_altar_blasted,
          kennysheep_generic_room_11, uniq_natasha
D:3:      layout_loops_ring, grunt_gozag_breadcrumbs, makhleb_altar_promises_db,
          gammafunk_ghost_necromancy, uniq_robin

Skill      XL: |  1  2  3  4  5 |
---------------+----------------+-----
Stealth        | 1 2 3 4 |  4.0
Evocations     | 1 2 |  2.3
Fighting       | 4 |  4.1
Short Blades   | 4 |  4.2
Dodging        | 3 |  3.2

Action                     |  1- 3 |  4- 6 || total
---------------------------+-------+-------++-------
  Melee: Short sword       |    39 |    88 ||   127
         Constrict         |     7 |    18 ||    25
         Tentacles         |     5 |    11 ||    16
         Kick              |     2 |    25 ||    27
         Punch             |       |     1 ||     1
  Evoke: Wand              |       |     7 ||     7
    Use: Potion            |       |     1 ||     1
   Stab: Sleeping          |     4 |     3 ||     7
         Distracted        |       |     1 ||     1
 Armour: Skin              |    12 |    61 ||    73
  Dodge: Dodged            |    22 |    65 ||    87

Table legend: (Time is in decaauts)
 A = Elapsed time spent in this place.
 B = Non-inter-level travel time spent in this place.
 C = Inter-level travel time spent in this place.
 D = Time resting spent in this place.
 E = Time spent auto-exploring this place.
 F = Levels seen in this place.
 G = Mean time per level.
                   A        B        C        D        E       F      G
               +--------+--------+--------+--------+--------+-----+--------+
         Total |  11969 |  11858 |    111 |   9478 |   1999 |   3 | 3989.7 |
       Dungeon |  11969 |  11858 |    111 |   9478 |   1999 |   3 | 3989.7 |
               +--------+--------+--------+--------+--------+-----+--------+

Top non-repeatable levels by time:
     D:1: 9511 daAuts
     D:2: 1500 daAuts
     D:3: 958 daAuts
